 Dungeon Crawl Stone Soup version 0.31-a0-188-g5e087ee2ca (webtiles) character file.

Game seed: 13526227155202197443

25 qw the Shooter (level 2, 0/16 HPs)
             Began as a Deep Elf Hunter on June 22, 2023.
             Succumbed to their own poison gas
             ... on level 2 of the Dungeon.
             The game lasted 00:00:18 (634 turns).

qw the Shooter (Deep Elf Hunter)                     Turns: 634, Time: 00:00:19

Health: 0/16       AC:  5    Str:  8    XL:     2   Next: 86%
Magic:  4/4        EV: 10    Int: 13    God:
Gold:   75         SH:  0    Dex: 18    Spells: 1/1 levels left

rFire   . . .        Y - +0 shortbow
rCold   . . .        (shield currently unavailable)
rNeg    . . .        i - +0 ring mail
rPois   .            (no helmet)
rElec   .            (no cloak)
rCorr   .            (no gloves)
SInv    .            (no boots)
Will    .....        j - amulet of faith
Stlth   +            (no ring)
HPRegen 0.22/turn    (no ring)
MPRegen 0.09/turn

%: faith
@: lethally poisoned (0 -> -3)
A: no striking features
a: no special abilities


You were on level 2 of the Dungeon.
You visited 1 branch of the dungeon, and saw 2 of its levels.

You collected 75 gold pieces.


   Skills:
 - Level 1.5 Fighting
 + Level 6.5 Ranged Weapons
 - Level 2.4 Dodging
 - Level 1.2 Stealth


You had one spell level left.
You didn't know any spells.
Your spell library was empty.

Inventory:

Hand Weapons
 Y - a +0 shortbow (weapon)
Armour
 i - a +0 ring mail (worn)
Jewellery
 j - an amulet of faith (around neck)
 l - an amulet of reflection
Potions
 d - a potion of berserk rage {unknown}
 g - a potion of magic {unknown}
 k - a potion of heal wounds {unknown}
 n - a potion of mutation {unknown}
 o - a potion of haste {unknown}
 p - a potion of enlightenment {unknown}

Dungeon Overview and Level Annotations

Branches:
Dungeon (2/15)

Altars:
Makhleb


Message History

The arrow hits the worm but does no damage.
The worm is heavily wounded.
The worm bites you.
You shoot an arrow.
The arrow hits the worm but does no damage.
The worm is heavily wounded.
You shoot an arrow. The arrow hits the worm.
The worm is almost dead.
The worm barely misses you.
You shoot an arrow. The arrow hits the worm.
The worm is almost dead.
The worm closely misses you.
You shoot an arrow. The arrow hits the worm.
You kill the worm!
You start resting.
HP restored.
627 ||| READING scroll labelled QYBBANK ROSAG.
The air fills with toxic fumes!
As you read the scroll labelled QYBBANK ROSAG, it crumbles to dust.
It was a scroll of poison.
628 ||| DROPPING scroll of butterflies.
You drop a scroll of butterflies.
(D) Dungeon
Where to? (* - list waypoints, ? - help)
What level of the Dungeon? (default 1, ? - help) Sorry, I don't know how to get there.
629 ||| Stepping randomly (stuck).
Really walk into that cloud of poison gas?
You are engulfed in poison gas.
You are poisoned.
You feel very sick.
630 ||| Stepping ~*~*~tactically~*~*~ (cloud).
You feel very sick.
You see here a scroll of butterflies.
There is a lethal amount of poison in your body!
You feel sick.
There is a lethal amount of poison in your body!
You feel sick.
There is a lethal amount of poison in your body!
You feel sick.
There is a lethal amount of poison in your body!
You die...

##########
#####¤¤¤00¤¤¤#
0¤¤¤¤¤¤¤0¤¤0¤#
00¤¤0¤0¤¤¤¤¤¤#
00¤00¤0¤¤¤00¤#
¤¤¤¤¤¤0@00¤¤¤#
¤000¤0¤¤¤¤¤0¤#
00¤¤¤¤¤¤¤00¤0#
#¤###¤¤¤¤¤¤0¤#
# #¤¤00¤00¤0¤
#¤¤¤0¤¤¤¤¤¤
########¤0¤
...


There were no monsters in sight!

Vanquished Creatures
  A worm (D:2)
  4 ball pythons (D:1)
  5 endoplasms (D:1)
  A giant cockroach (D:1)
  2 goblins (D:1)
  2 hobgoblins (D:1)
  A quokka (D:1)
  A frilled lizard (D:1)
  A kobold (D:2)
  3 rats (D:1)
21 creatures vanquished.

Notes
Turn   | Place    | Note
-------+----------+-------------------------------------------
     0 | D:1      | qw the Deep Elf Hunter began the quest for the Orb.
     0 | D:1      | Reached XP level 1. HP: 12/12 MP: 3/3
     0 | D:1      | 0 ||| qw: Version: 0.3-a-9-g12657ce
     0 | D:1      | 0 ||| qw: Game counter: 3067
     0 | D:1      | 0 ||| qw: Always use a shield: true
     0 | D:1      | 0 ||| qw: God list: Okawaru
     0 | D:1      | 0 ||| qw: Allow faded altars: false
     0 | D:1      | 0 ||| qw: Do Orc after D:15 true
     0 | D:1      | 0 ||| qw: Do second Lair branch before Depths: true
     0 | D:1      | 0 ||| qw: Lair rune preference: random
     0 | D:1      | 0 ||| qw: Plans: Normal
     0 | D:1      | 0 ||| PLANNING D:1-11
   204 | D:1      | Reached skill level 6 in Ranged Weapons
   204 | D:1      | Reached XP level 2. HP: 16/16 MP: 4/4
   427 | D:1      | You fall into a shaft and drop 1 floor!
   541 | D:2      | Found a burning altar of Makhleb.
   555 | D:2      | 555 ||| UPGRADING to +0 ring mail.
   565 | D:2      | 565 ||| DROPPING +0 leather armour.
   566 | D:2      | 566 ||| UPGRADING to amulet of faith.
   571 | D:2      | 571 ||| READING scroll labelled VYWUIC YWNANUUR.
   572 | D:2      | 572 ||| READING scroll labelled NUITER ECELL.
   573 | D:2      | 573 ||| READING scroll labelled GAESOF KAME.
   627 | D:2      | 627 ||| READING scroll labelled QYBBANK ROSAG.
   628 | D:2      | 628 ||| DROPPING scroll of butterflies.
   629 | D:2      | 629 ||| Stepping randomly (stuck).
   630 | D:2      | 630 ||| Stepping ~*~*~tactically~*~*~ (cloud).
   631 | D:2      | HP: 4/16 [poisoned by you (poison gas)]
   633 | D:2      | HP: 1/16 [poisoned by you (poison gas)]
   634 | D:2      | Succumbed to their own poison gas

Levels and vault maps discovered:
D:1:      matt_arrival_spirals, layout_loops_ring, serial_forest,
          infiniplex_forest_clump_curved, infiniplex_forest_clump_diagonal,
          infiniplex_forest_end_double, infiniplex_forest_clump_cross,
          infiniplex_forest_end_1, infiniplex_forest_clump_medium,
          infiniplex_forest_fountain, infiniplex_forest_lined_2,
          infiniplex_forest_lined_1
D:2:      layout_basic, serial_glass, glass_columns_c, glass_columns_c,
          basic_altar

Skill      XL: |  1 |
---------------+----+-----
Ranged Weapons | 6 |  6.5
Fighting       | |  1.5
Dodging        | |  2.4
Stealth        | |  1.2

Action                     || total
---------------------------++-------
   Fire: Shortbow          ||    54
    Use: Scroll            ||     4
 Armour: Leather armour    ||     2
         Ring mail         ||     1
  Dodge: Dodged            ||     6

Table legend:
 A = Non-vault XP
 B = Vault XP
 C = Vault XP percentage of total XP
 D = Non-vault monster count
 E = Vault monster count
 F = Vault count percentage of total count
                 A         B        C        D         E       F
            +---------+---------+-------+---------+---------+-------
      Total |      37 |       0 |   0.0 |      21 |       0 |   0.0
            +---------+---------+-------+---------+---------+-------
        D:1 |      31 |       0 |   0.0 |      19 |       0 |   0.0
        D:2 |       6 |       0 |   0.0 |       2 |       0 |   0.0
            +---------+---------+-------+---------+---------+-------
